 Dungeon Crawl Stone Soup version 0.30-a0-793-g160f7cfddd (webtiles) character file.

Game seed: 5165606551366709617

4660 holysushi the Fighter (level 10, -15/90 HPs)
             Began as a Gnoll Wanderer on Feb 19, 2023.
             Was an Initiate of Gozag.
             Collided with a rock wall (18 damage)
             ... caused by Erica
             ... on level 8 of the Dungeon.
             The game lasted 00:18:20 (8510 turns).

holysushi the Fighter (Gnoll Wanderer)              Turns: 8510, Time: 00:18:21

Health: -15/90     AC: 15    Str: 18    XL:     10   Next: 43%
Magic:  21/21      EV: 13    Int: 12    God:    Gozag
Gold:   1030       SH:  5    Dex: 11    Spells: 23/24 levels left

rFire   . . .      SeeInvis .    f - +5 flail (protect)
rCold   . . .      Faith    .    c - +0 buckler
rNeg    + . .      Spirit   .    t - +2 leather armour {rN+}
rPois   .          Reflect  .    (no helmet)
rElec   .          Harm     .    n - +0 cloak
rCorr   .          Rampage  .    w - +0 pair of gloves
Will    .....                    (no boots)
Stlth   +++                      s - amulet of regeneration
HPRegen 1.15/turn                (no ring)
MPRegen 0.17/turn                (no ring)

@: lethally poisoned (-15 -> -21), under a protective aura
A: fangs 1, strong nose, distributed training, sense surroundings 1, robust 1,
strong 1
a: Renounce Religion, Potion Petition, Call Merchant, Bribe Branch


You were on level 8 of the Dungeon.
You worshipped Gozag.
Gozag was most pleased with you.
You visited 2 branches of the dungeon, and saw 9 of its levels.
You also visited: Ossuary.

You collected 1827 gold pieces.
You spent 743 gold pieces at shops.
You paid 54 gold pieces to Gozag.

Inventory:

Hand Weapons
 a - a +0 club
 e - a +2 falchion of flaming
 f - a +5 flail of protection (weapon)
 h - a +0 short sword
 r - a +0 whip of venom
Armour
 c - a +0 buckler (worn)
 l - a +0 leather armour of cold resistance
 n - a +0 cloak (worn)
 t - a +2 leather armour of positive energy (worn)
 u - the +1 pair of gloves "Bosch" {rF+++ Str-4 Slay+5}
   (You acquired it on level 1 of the Dungeon)

   Str:       It affects your strength (-4).
   Slay:      It affects your accuracy & damage with ranged weapons and melee
   (+5).
   rF:        It renders you almost immune to fire.
 w - a +0 pair of gloves (worn)
Jewellery
 k - a ring of fire
 s - an amulet of regeneration (around neck)
Wands
 o - a wand of roots (4)
 y - a wand of charming (7)
 z - a wand of polymorph (11)
Scrolls
 b - 2 scrolls of teleportation
 d - 3 scrolls of immolation
 g - 5 scrolls of identify
 i - 2 scrolls of amnesia
 q - a scroll of fog
 E - a scroll of noise
 F - 3 scrolls of poison
 G - a scroll of magic mapping {unknown}
 H - 2 scrolls of vulnerability
Potions
 j - 2 potions of mutation
 m - 2 potions of haste
 p - 2 potions of lignification
 v - 2 potions of brilliance {unknown}
 x - 3 potions of heal wounds {unknown}
 A - 2 potions of curing
 B - 3 potions of flight {unknown}
 C - a potion of might
 D - a potion of berserk rage


   Skills:
 + Level 8.6 Fighting
 + Level 5.4 Short Blades
 + Level 5.4 Long Blades
 + Level 5.4 Axes
 + Level 5.4 Maces & Flails
 + Level 5.4 Polearms
 + Level 5.4 Staves
 + Level 5.4 Ranged Weapons
 + Level 5.4 Throwing
 + Level 5.4 Armour
 + Level 5.4 Dodging
 + Level 6.0 Stealth
 + Level 7.2 Shields
 + Level 7.2 Unarmed Combat
 + Level 7.5 Spellcasting
 + Level 4.5 Conjurations
 + Level 4.5 Hexes
 + Level 4.5 Summonings
 + Level 4.5 Necromancy
 + Level 4.5 Translocations
 + Level 4.5 Transmutations
 + Level 4.5 Fire Magic
 + Level 4.5 Ice Magic
 + Level 4.5 Air Magic
 + Level 4.5 Earth Magic
 + Level 4.5 Poison Magic
 + Level 6.0 Invocations
 + Level 5.4 Evocations


You had 23 spell levels left.
You knew the following spells:

 Your Spells              Type           Power      Damage    Failure   Level
a - Shock                 Conj/Air       60%        1d6       3%          1

Your spell library contained the following spells:

 Spells                   Type           Power      Damage    Failure   Level
 Summon Small Mammal      Summ           60%        N/A       3%          1
 Ensorcelled Hibernation  Hex/Ice        30%        N/A       5%          2
 Call Canine Familiar     Summ           15%        N/A       11%         3
 Hailstorm                Conj/Ice       15%        3d5       11%         3
 Portal Projectile        Hex/Tloc       30%        N/A       11%         3
 Spider Form              Tmut/Pois      15%        N/A       11%         3
 Summon Guardian Golem    Hex/Summ       15%        N/A       11%         3
 Swiftness                Air            15%        N/A       11%         3
 Airstrike                Air            7%         2d(2-18)  34%         4
 Anguish                  Hex/Necr       7%         N/A       34%         4
 Leda's Liquefaction      Hex/Erth       7%         N/A       34%         4


Dungeon Overview and Level Annotations

Branches:
Dungeon (8/15) Zot: 26981  Temple (1/1) D:4 Zot: 5849 Ossuary (visited)
   Lair: D:8-11

Altars:
Ashenzari
Cheibriados
Dithmenos
Elyvilon
Fedhas
Gozag
Hepliaklqana
Kikubaaqudgha
Makhleb
Nemelex Xobeh
Okawaru
Sif Muna
Trog
Uskayaw
Vehumet
Wu Jian
Xom
Yredelemnul
Zin
The Shining One

Shops:
D:1 ?   D:5 :*(:[

Annotations:
D:8 Erica


Innate Abilities, Weirdness & Mutations

You have very sharp teeth.
Your uncanny sense of smell can sniff out nearby items.
Your experience applies equally to all skills.
You passively map a small area around you.
You are robust. (+10% HP)
Your muscles are strong. (Str +4, Int/Dex -1)


Message History

You block Erica's attack.
You thump Erica!
Erica is heavily wounded.
Erica gestures at you while chanting. The bolt of poison hits you!
You are poisoned.
You sock Erica!
Erica is heavily wounded.
You feel very sick.
Erica hits you with a +3 scimitar of flaming!
Erica burns you. You block Erica's attack.
You hit Erica but do no damage.
Erica is heavily wounded.
You feel very sick. You block Erica's attack.
You hit Erica.
Erica is severely wounded.
You feel sick. Erica gestures at you while chanting.
The bolt of poison hits you!
You are more poisoned.
You sock Erica!
Erica is severely wounded.
You feel extremely sick.
Erica hits you with a +3 scimitar of flaming!
Erica burns you.
You sock Erica!
Erica is almost dead.
You feel very sick.
Erica hits you with a +3 scimitar of flaming!
* * * LOW HITPOINT WARNING * * *
Erica burns you.
* * * LOW HITPOINT WARNING * * *
Erica casts a spell at you. The lance of force hits you!
* * * LOW HITPOINT WARNING * * *
You are knocked back by the lance of force.
You slam into the rock wall!
You die...
Your body crumbles into a pile of gold.

, ..###... * ~ *
, .##.....?# * ~
, ....#....# , *
* ......... ** ,
....... ,
..##....# *** *
, ........## * ,
*#).# *
.#####@##### ,,
......@.....####
.....##.......$.
, ,
........<.......
................
*
....###.........
.#. ,..#.......
$ , #,
..........., *
.### ####...


You could see Erica.

Vanquished Creatures
  2 kobold demonologists (D:6)
  6 yaks
  A steam dragon (D:5)
  Edmund (D:4)
  Menkaure (D:5)
  2 water moccasins (D:6)
  2 black bears
  4 ice beasts
  An ogre (D:4)
  Blork the orc (D:5)
  A bullfrog (D:7)
  3 kobold brigands
  A gnoll sergeant (D:6)
  A necrophage (D:4)
  3 scorpions
  5 wights (D:7)
  5 killer bees (D:6)
  A howler monkey (D:7)
  2 hounds
  2 jellies
  8 orc priests
  Jessica (D:3)
  An iguana (D:6)
  5 orc wizards
  2 mummies
  7 gnolls
  7 adders
  A shadow imp (D:4)
  2 white imps (D:7)
  6 ufetubi
  2 worms
  3 dart slugs
  40 orcs
  5 spectral bats (Ossuary)
  11 ball pythons
  6 endoplasms
  3 giant cockroaches
  12 gnoll zombies (Ossuary)
  7 goblins
  4 hobgoblins
  2 jackals (D:2)
  2 quokkas
  5 bats
  3 bat simulacra (Ossuary)
  5 frilled lizards
  3 goblin simulacra (Ossuary)
  3 goblin zombies (Ossuary)
  5 hobgoblin zombies
  11 kobolds
  3 kobold simulacra (Ossuary)
  7 kobold zombies
  5 orc zombies (Ossuary)
  4 rats
  3 rat simulacra (Ossuary)
  4 spectral goblins (Ossuary)
  4 spectral kobolds (Ossuary)
  3 spectral rats (Ossuary)
250 creatures vanquished.

Notes
Turn   | Place    | Note
-------+----------+-------------------------------------------
     0 | D:1      | holysushi the Gnoll Wanderer began the quest for the Orb.
     0 | D:1      | holysushi set off with the following items: a +0 club, a
                  | potion of berserk rage, a +0 buckler, a scroll of fear, a
                  | +0 leather armour, a potion of invisibility; and the
                  | following spell memorised: Shock; and the following spells
                  | available to memorise: Hailstorm.
     0 | D:1      | Reached XP level 1. HP: 23/23 MP: 6/6
    99 | D:1      | Reached XP level 2. HP: 24/29 MP: 7/7
   149 | D:1      | Found Rocvyc's Magic Scroll Boutique.
   596 | D:1      | Found a faded altar of an unknown god.
   812 | D:2      | Reached skill level 5 in Spellcasting
   812 | D:2      | Reached XP level 3. HP: 33/35 MP: 7/9
   916 | D:2      | Reached skill level 1 in Invocations
  1094 | D:2      | Found an iron altar of Okawaru.
  1187 | D:2      | Reached skill level 1 in Short Blades
  1187 | D:2      | Reached skill level 1 in Long Blades
  1187 | D:2      | Reached skill level 1 in Axes
  1187 | D:2      | Reached skill level 1 in Maces & Flails
  1187 | D:2      | Reached skill level 1 in Polearms
  1187 | D:2      | Reached skill level 1 in Staves
  1187 | D:2      | Reached skill level 1 in Ranged Weapons
  1187 | D:2      | Reached skill level 1 in Throwing
  1187 | D:2      | Reached skill level 1 in Armour
  1187 | D:2      | Reached skill level 1 in Dodging
  1187 | D:2      | Reached skill level 1 in Evocations
  1560 | D:3      | Reached XP level 4. HP: 26/41 MP: 11/11
  1840 | D:3      | Reached skill level 1 in Conjurations
  1840 | D:3      | Reached skill level 1 in Hexes
  1840 | D:3      | Reached skill level 1 in Summonings
  1840 | D:3      | Reached skill level 1 in Necromancy
  1840 | D:3      | Reached skill level 1 in Translocations
  1840 | D:3      | Reached skill level 1 in Transmutations
  1840 | D:3      | Reached skill level 1 in Fire Magic
  1840 | D:3      | Reached skill level 1 in Ice Magic
  1840 | D:3      | Reached skill level 1 in Air Magic
  1840 | D:3      | Reached skill level 1 in Earth Magic
  1840 | D:3      | Reached skill level 1 in Poison Magic
  1911 | D:3      | Noticed Jessica
  1948 | D:4      | Reached XP level 5. HP: 10/47 MP: 12/12
  1996 | D:4      | Found a staircase to the Ecumenical Temple.
  2106 | D:4      | Noticed Edmund
  2110 | Temple   | Entered the Ecumenical Temple
  2246 | Temple   | Became a worshipper of Gozag Ym Sagoz the Greedy
  2384 | D:3      | Gained mutation: You are robust. (+10% HP) [potion of
                  | mutation]
  2384 | D:3      | Gained mutation: You have hidden genetic potential. [potion
                  | of mutation]
  2390 | D:3      | Killed Jessica
  2391 | D:3      | Reached XP level 6. HP: 9/58 MP: 14/14
  2611 | D:3      | Found a sparkling altar of Nemelex Xobeh.
  2712 | D:3      | You fall into a shaft and drop 1 floor!
  2722 | D:4      | Reached skill level 5 in Shields
  2722 | D:4      | Reached skill level 5 in Unarmed Combat
  2736 | D:4      | Killed Edmund
  2748 | D:4      | Reached skill level 7 in Fighting
  2748 | D:4      | Reached XP level 7. HP: 44/66 MP: 15/15
  2754 | D:4      | Gained mutation: You passively map a small area around you.
                  | [hidden potential]
  4053 | D:5      | Entered Level 5 of the Dungeon
  4053 | D:5      | Found Ublugh's Assorted Antiques.
  4202 | D:5      | Noticed a yak
  4274 | D:5      | Found Faikk's Weapon Shop.
  4306 | D:5      | Noticed a yak
  4306 | D:5      | Noticed a yak
  4306 | D:5      | Noticed a yak
  4306 | D:5      | Noticed a yak
  4315 | D:4      | Killed a yak
  4316 | D:4      | Reached XP level 8. HP: 55/73 MP: 16/16
  4320 | D:4      | Gained mutation: Your muscles are strong. (Str +4, Int/Dex
                  | -1) [hidden potential]
  4320 | D:4      | Lost mutation: You have hidden genetic potential. [hidden
                  | potential expressed]
  4404 | D:5      | Found Iqao's Book Shoppe.
  4494 | D:5      | Noticed Blork the orc
  4623 | D:5      | Found a snail-covered altar of Cheibriados.
  4739 | D:5      | Killed a yak
  4752 | D:5      | Noticed a yak
  4775 | D:4      | Killed a yak
  4796 | D:4      | Killed a yak
  4823 | D:5      | Killed a yak
  4824 | D:5      | Reached XP level 9. HP: 79/80 MP: 18/18
  4998 | D:5      | Killed Blork the orc
  5003 | D:5      | Noticed Menkaure
  5019 | D:5      | Killed Menkaure
  5041 | D:5      | Reached skill level 5 in Stealth
  5068 | D:5      | Found Nontymez's Book Emporium.
  5146 | D:5      | Found Sotuuwn's Armour Boutique.
  5339 | D:1      | Bought a scroll of acquirement for 676 gold pieces
  5339 | D:1      | Acquired the +1 pair of gloves "Bosch" {rF+++ Str-4 Slay+5}
  5652 | D:5      | Reached skill level 8 in Fighting
  5682 | D:5      | Bought a +0 pair of gloves for 67 gold pieces
  5889 | D:6      | Found a shadowy altar of Dithmenos.
  5984 | D:6      | Reached skill level 5 in Invocations
  6349 | D:6      | Noticed a kobold demonologist
  6435 | D:6      | Noticed a kobold demonologist
  6452 | D:6      | Noticed an ice devil
  6470 | D:6      | Killed a kobold demonologist
  6485 | D:6      | Killed a kobold demonologist
  6486 | D:6      | Reached skill level 5 in Short Blades
  6486 | D:6      | Reached skill level 5 in Long Blades
  6486 | D:6      | Reached skill level 5 in Axes
  6486 | D:6      | Reached skill level 5 in Maces & Flails
  6486 | D:6      | Reached skill level 5 in Polearms
  6486 | D:6      | Reached skill level 5 in Staves
  6486 | D:6      | Reached skill level 5 in Ranged Weapons
  6486 | D:6      | Reached skill level 5 in Throwing
  6486 | D:6      | Reached skill level 5 in Armour
  6486 | D:6      | Reached skill level 5 in Dodging
  6486 | D:6      | Reached skill level 5 in Evocations
  6486 | D:6      | Reached XP level 10. HP: 89/89 MP: 20/20
  7095 | D:7      | Found a sand-covered staircase.
  7104 | Ossuary  | Entered an ossuary
  7846 | D:7      | Identified the +7 glaive of Brawling {holy, +Blink rPois
                  | Str+5 Dex-4}
  8374 | D:7      | Found an ornate altar of the Wu Jian Council.
  8376 | D:7      | Found a burning altar of Makhleb.
  8495 | D:8      | Noticed Erica
  8510 | D:8      | HP: 3/90 [Erica/lance of force (14)]
  8510 | D:8      | Collided with a rock wall

Illustrated notes

Levels and vault maps discovered:
D:1:      sevenhm_arrival_forest_fort_small_6, layout_loops_cross, serial_shops,
          nicolae_shop_behind_doors, basic_ecumenical_altar
D:2:      layout_basic, basic_altar, minmay_quantized
D:3:      layout_basic, nemelex_spade_bored_becter, uniq_jessica
D:4:      layout_rooms, minmay_temple_entry_glass, uniq_edmund
D:5:      layout_loops_ring, slow_altar_1, serial_shops, shop, shop,
          shop_fountains, shop_coins, shop, uniq_menkaure, uniq_blork_the_orc
D:6:      layout_loops_corners, nicolae_dithmenos_shadow_blocks, serial_glass,
          glass_columns_a, glass_columns_a, kennysheep_generic_room_12
D:7:      layout_loops_ring, minitemple, nicolae_ossuary_entry_giza
D:8:      layout_rooms, grunt_qazlal_sundering, serial_shops,
          nicolae_shop_hallway_plus, kennysheep_little_box, uniq_erica
Temple:   nicolae_temple_superstar

Skill      XL: |  1  2  3  4  5  6  7  8  9 10 |
---------------+-------------------------------+-----
Spellcasting   | 5 6 7 |  7.5
Invocations    | 1 2 3 4 5 6 |  6.0
Short Blades   | 1 2 3 5 |  5.4
Long Blades    | 1 2 3 5 |  5.4
Axes           | 1 2 3 5 |  5.4
Maces & Flails | 1 2 3 5 |  5.4
Polearms       | 1 2 3 5 |  5.4
Staves         | 1 2 3 5 |  5.4
Ranged Weapons | 1 2 3 5 |  5.4
Throwing       | 1 2 3 5 |  5.4
Armour         | 1 2 3 5 |  5.4
Dodging        | 1 2 3 5 |  5.4
Evocations     | 1 2 3 5 |  5.4
Conjurations   | 1 2 3 4 |  4.5
Hexes          | 1 2 3 4 |  4.5
Summonings     | 1 2 3 4 |  4.5
Necromancy     | 1 2 3 4 |  4.5
Translocations | 1 2 3 4 |  4.5
Transmutations | 1 2 3 4 |  4.5
Fire Magic     | 1 2 3 4 |  4.5
Ice Magic      | 1 2 3 4 |  4.5
Air Magic      | 1 2 3 4 |  4.5
Earth Magic    | 1 2 3 4 |  4.5
Poison Magic   | 1 2 3 4 |  4.5
Stealth        | 3 4 5 6 |  6.0
Shields        | 5 6 7 |  7.2
Unarmed Combat | 5 6 7 |  7.2
Fighting       | 7 8 |  8.6

Action                     |  1- 3 |  4- 6 |  7- 9 | 10-12 || total
---------------------------+-------+-------+-------+-------++-------
  Melee: Unarmed           |   117 |    53 |       |       ||   170
         Bite              |     8 |     5 |    26 |    29 ||    68
         Whip              |       |     7 |       |       ||     7
         Flail             |       |     3 |   306 |   264 ||   573
   Cast: Shock             |       |       |    10 |       ||    10
  Evoke: Wand              |       |    10 |     5 |       ||    15
    Use: Scroll            |     6 |     3 |     3 |       ||    12
         Potion            |       |     7 |     1 |       ||     8
   Stab: Sleeping          |     4 |     2 |     2 |    15 ||    23
         Invisible         |       |     1 |       |       ||     1
         Distracted        |       |       |       |     3 ||     3
 Armour: Leather armour    |    28 |    17 |   106 |    85 ||   236
  Dodge: Dodged            |    26 |    54 |   188 |   102 ||   370
  Block: Buckler           |    24 |    19 |    87 |    66 ||   196

Table legend: (Time is in decaauts)
 A = Elapsed time spent in this place.
 B = Non-inter-level travel time spent in this place.
 C = Inter-level travel time spent in this place.
 D = Time resting spent in this place.
 E = Time spent auto-exploring this place.
 F = Levels seen in this place.
 G = Mean time per level.
                   A        B        C        D        E       F      G
               +--------+--------+--------+--------+--------+-----+--------+
         Total |   8680 |   8078 |    602 |   1585 |   3845 |  10 |  868.0 |
       Dungeon |   8005 |   7425 |    580 |   1585 |   3513 |   8 | 1000.6 |
        Temple |    150 |    128 |     22 |      0 |     98 |   1 |  150.0 |
       Ossuary |    523 |    523 |      0 |      0 |    234 |   1 |  523.0 |
               +--------+--------+--------+--------+--------+-----+--------+

Top non-repeatable levels by time:
     D:3: 1539 daAuts
     D:6: 1424 daAuts
     D:4: 1215 daAuts
     D:5: 1081 daAuts
     D:7: 949 daAuts
     D:2: 922 daAuts
     D:1: 855 daAuts
 Ossuary: 523 daAuts
  Temple: 150 daAuts
     D:8: 17 daAuts
